 Dungeon Crawl Stone Soup version 0.27-a0-1006-g1fd4cec11e (console) character file.

Game seed: 9371366790046492052

46 jejorda2 the Poker (level 3, -6/30 HPs)
             Began as a Merfolk Berserker on Apr 17, 2021.
             Was a Follower of Trog.
             Mangled by a gnoll
             ... wielding a +2 whip of venom
              (8 damage)
             ... on level 2 of the Dungeon.
             The game lasted 00:02:03 (989 turns).

jejorda2 the Poker (Merfolk Berserker)               Turns: 989, Time: 00:02:06

Health: -6/30      AC:  4    Str: 17 (18) XL:     3   Next: 68%
Magic:  3/3        EV: 12    Int:  4 (6)  God:    Trog [*.....]
Gold:   56         SH:  0    Dex: 10 (13) Spells: 2/2 levels left

rFire    . . .     SeeInvis .   a - +0 spear
rCold    . . .     Faith    .   (no shield)
rNeg     . . .     Spirit   .   c - +0 leather armour
rPois    .         Reflect  .   (no helmet)
rElec    .         Harm     .   (no cloak)
rCorr    .         Rampage  .   g - +0 pair of gloves
Will     .....                  (no boots)
Stlth    +.........             (no amulet)
HPRegen  0.10/turn              (no ring)
MPRegen  0.08/turn              (no ring)

@: lethally poisoned (-6 -> -29)
A: (nimble swimmer 2), mertail
a: Renounce Religion, Berserk


You were on level 2 of the Dungeon.
You worshipped Trog.
Trog was aware of your devotion.
You visited 1 branch of the dungeon, and saw 2 of its levels.

You collected 56 gold pieces.

Inventory:

Hand Weapons
 a - a +0 spear (weapon)
Armour
 c - a +0 leather armour (worn)
 g - a +0 pair of gloves (worn)
Scrolls
 b - a scroll of enchant weapon {unknown}
 e - a scroll of identify {unknown}
 f - a scroll of fear {unknown}


   Skills:
 + Level 3.7 Fighting
 * Level 5.6 Polearms
 + Level 1.8 Armour
 - Level 2.6 Dodging


You had 2 spell levels left.
You didn't know any spells.
Your spell library was empty.

Dungeon Overview and Level Annotations

Branches:
Dungeon (2/15)

Altars:


Innate Abilities, Weirdness & Mutations

((You are quick and stealthy near water. (Stealth+, EV+, Speed+++)))
Your lower body shifts to a powerful aquatic tail in water.


Message History

You barely miss the gnoll.
The gnoll is moderately wounded.
The gnoll barely misses you.
You hit the gnoll but do no damage.
The gnoll is lightly wounded.
The gnoll hits you with a +2 whip of venom.
You are poisoned.
You hit the gnoll but do no damage.
The gnoll is lightly wounded.
You feel sick. The gnoll barely misses you.
You hit the gnoll but do no damage.
The gnoll is lightly wounded.
You feel sick. The gnoll barely misses you.
You completely miss the gnoll.
The gnoll is lightly wounded.
You feel sick.
You barely miss the gnoll.
The gnoll is lightly wounded.
You feel sick.
The gnoll hits you with a +2 whip of venom.
You are lethally poisoned!
You hit the gnoll but do no damage.
The gnoll is lightly wounded.
You feel very sick.
The gnoll hits you with a +2 whip of venom!
* * * LOW HITPOINT WARNING * * *
You are more poisoned.
You are too injured to fight recklessly!
You are too injured to fight recklessly!
You are too injured to fight recklessly!
Okay, then.
Unknown command.
Unknown command.
It was a potion of degeneration.
There was something very wrong with that liquid.
You feel weakened.
You feel dopey.
You feel clumsy.
* * * LOW HITPOINT WARNING * * *
You feel very sick.
The gnoll hits you with a +2 whip of venom!
You die...

###### .....# ####.# ####.##
......##
...#...################.
##.#.#.........g@....... #
#.#..################
.#.#...............
....................
#.#.##..####.##########
#...........#........
####...###..#'###############.
#...# #........†..)........
#.... #......#############.


You could see a gnoll.

Vanquished Creatures
  A gnoll (D:2)
  An adder (D:2)
  A dart slug (D:2)
  5 ball pythons (D:1)
  2 endoplasms (D:1)
  A giant cockroach (D:2)
  2 goblins (D:1)
  A hobgoblin (D:1)
  6 bats
  A frilled lizard (D:1)
  4 kobolds (D:1)
25 creatures vanquished.

Notes
Turn   | Place    | Note
-------+----------+-------------------------------------------
     0 | D:1      | jejorda2 the Merfolk Berserker began the quest for the Orb.
     0 | D:1      | Reached XP level 1. HP: 18/18 MP: 1/1
   233 | D:1      | Reached XP level 2. HP: 21/24 MP: 2/2
   332 | D:1      | Reached skill level 5 in Polearms
   747 | D:2      | Reached XP level 3. HP: 28/29 MP: 3/3
   989 | D:2      | Mangled by a gnoll

Illustrated notes

Levels and vault maps discovered:
D:1:      lemuel_arrival_lava_pool, layout_basic
D:2:      layout_basic, hellmonk_ecumenical_altar_leap_of_faith, uniq_jessica,
          uniq_terence, uniq_crazy_yiuf_cottage

Skill      XL: |  1  2 |
---------------+-------+-----
Polearms       | 5 |  5.6
Fighting       | |  3.7
Armour         | |  1.8
Dodging        | |  2.6

Action                   || total
-------------------------++-------
Melee: Spear             ||    84
  Use: Potion            ||     1
 Stab: Distracted        ||     1
       Sleeping          ||     1
Armor: Leather armour    ||    11
Dodge: Dodged            ||    32

Table legend: (Time is in decaauts)
 A = Elapsed time spent in this place.
 B = Non-inter-level travel time spent in this place.
 C = Inter-level travel time spent in this place.
 D = Time resting spent in this place.
 E = Time spent auto-exploring this place.
 F = Levels seen in this place.
 G = Mean time per level.
                   A        B        C        D        E       F      G
               +--------+--------+--------+--------+--------+-----+--------+
         Total |    975 |    968 |      7 |     40 |    742 |   2 |  487.5 |
       Dungeon |    975 |    968 |      7 |     40 |    742 |   2 |  487.5 |
               +--------+--------+--------+--------+--------+-----+--------+

Top non-repeatable levels by time:
     D:1: 682 daAuts
     D:2: 293 daAuts
